 Dungeon Crawl Stone Soup version 0.31-a0-1522-g43313d8a59 (webtiles) character file.

Game seed: 5444918059227340942

12 AstroCodex24 the Covered (level 2, -1/25 HPs)
             Began as a Demigod Fighter on Dec 31, 2023.
             Slain by a sky beast (3 damage)
             ... on level 4 of the Dungeon.
             The game lasted 00:01:31 (268 turns).

AstroCodex24 the Covered (Demigod Fighter)           Turns: 268, Time: 00:01:32

Health: -1/25      AC:  6    Str: 17    XL:     2   Next: 9%
Magic:  4/4        EV:  9    Int: 10    God:
Gold:   24         SH:  4    Dex: 13    Spells: 1/1 levels left

rFire   . . .        a - +0 war axe
rCold   . . .        c - +0 buckler
rNeg    . . .        b - +0 scale mail
rPois   .            (no helmet)
rElec   .            (no cloak)
rCorr   .            (no gloves)
SInv    .            (no boots)
Will    .....        (no amulet) Stlth
                     e - ring of wizardry
HPRegen 0.24/turn    (no ring)
MPRegen 0.09/turn

%: wizardry (x1)
@: no status effects
A: high MP 1, forlorn, divine attributes
a: no special abilities


You were on level 4 of the Dungeon.
You visited 1 branch of the dungeon, and saw 4 of its levels.

You collected 24 gold pieces.

Inventory:

Hand Weapons
 a - a +0 war axe (weapon)
Armour
 b - a +0 scale mail (worn)
 c - a +0 buckler (worn)
Jewellery
 e - a ring of wizardry (left hand)
Scrolls
 f - a scroll of enchant weapon {unknown}
Potions
 d - a potion of might


   Skills:
 + Level 2.8 Fighting
 + Level 1.9 Axes
 + Level 2.9 Armour
 + Level 0.1 Dodging
 + Level 2.8 Shields


You had one spell level left.
You didn't know any spells.
Your spell library was empty.

Dungeon Overview and Level Annotations

Branches:
Dungeon (4/15)
 Temple: D:4-7

Shops:
D:3 (

Annotations:
D:4 1 transporter


Innate Abilities, Weirdness & Mutations

You have an increased reservoir of magic. (+10% MP)
You shall have no god before yourself.
Your divine heritage dramatically boosts your attributes as you level up.


Message History

There is an open door here.
There is an entrance to Etohakih's Weapon Shop here.
There is a stone staircase leading down here.
You climb downwards.
Found 16 gold pieces.
Found a transporter.
There is a stone staircase leading up here.
A sky beast comes into view.
You see here 16 gold pieces.
You block the sky beast's attack. The sky beast closely misses you.
You barely miss the sky beast. The sky beast closely misses you.
The sky beast hits you. The sky beast shocks you.
You barely miss the sky beast. The sky beast barely misses you.
You hit the sky beast.
The sky beast is lightly wounded.
The sky beast misses you. The sky beast hits you. The sky beast shocks you.
* * * LOW HITPOINT WARNING * * *
You hit the sky beast but do no damage.
The sky beast is lightly wounded.
The sky beast hits you but does no damage.
You slash the sky beast!
The sky beast is heavily wounded.
The sky beast closely misses you.
The sky beast hits you but does no damage.
You closely miss the sky beast.
The sky beast is heavily wounded.
The sky beast hits you.
* * * LOW HITPOINT WARNING * * *
The sky beast shocks you.
* * * LOW HITPOINT WARNING * * *
You hit the sky beast but do no damage.
The sky beast is heavily wounded.
The sky beast barely misses you. You block the sky beast's attack.
You closely miss the sky beast.
The sky beast is heavily wounded.
The sky beast hits you but does no damage.
You hit the sky beast.
The sky beast is severely wounded.
The sky beast barely misses you. The sky beast hits you.
You die...

....####.#......
............#
........<.####.
.#.......#......
#..............
##.............
.##.....$........
#................
#.......@........
........Y......©
..###......#####
. #...##.# .○
...... .# .......
.# ...###.. .#
... ..#.


You could see a sky beast.

Vanquished Creatures
  A dart slug (D:1)
  A bat (D:1)
  2 endoplasms (D:1)
  A giant cockroach (D:3)
  A goblin (D:1)
  2 ball pythons
  2 rats (D:1)
10 creatures vanquished.

Notes
Turn   | Place    | Note
-------+----------+-------------------------------------------
     0 | D:1      | AstroCodex24 the Demigod Fighter began the quest for the
                  | Orb.
     0 | D:1      | Reached XP level 1. HP: 18/18 MP: 3/3
   126 | D:1      | Reached XP level 2. HP: 24/25 MP: 4/4
   217 | D:3      | Found Etohakih's Weapon Shop.
   248 | D:4      | Found a transporter.
   253 | D:4      | Noticed a sky beast
   265 | D:4      | HP: 1/25 [sky beast (5)]
   268 | D:4      | Slain by a sky beast

Illustrated notes

Levels and vault maps discovered:
D:1:      minmay_arrival_diagonal_passages, layout_loops_ring,
          minmay_tetromino_l2
D:2:      layout_loops_ring, hellmonk_ecumenical_altar_leap_of_faith
D:3:      layout_loops_corners, lemuel_crystal_altar, amcnicky_altar_gilded,
          lemuel_doored_altar, serial_shops, shop
D:4:      gammafunk_cloud_chamber, layout_cave_pools, nicolae_specific_store,
          nicolae_goblin_pals

Action                     || total
---------------------------++-------
  Melee: War axe           ||    37
 Armour: Scale mail        ||    46
  Dodge: Dodged            ||    36
  Block: Buckler           ||    12

Table legend: (Time is in decaauts)
 A = Elapsed time spent in this place.
 B = Non-inter-level travel time spent in this place.
 C = Inter-level travel time spent in this place.
 D = Time resting spent in this place.
 E = Time spent auto-exploring this place.
 F = Levels seen in this place.
 G = Mean time per level.
                   A        B        C        D        E       F      G
               +--------+--------+--------+--------+--------+-----+--------+
         Total |    282 |    279 |      3 |      0 |      0 |   4 |   70.5 |
       Dungeon |    282 |    279 |      3 |      0 |      0 |   4 |   70.5 |
               +--------+--------+--------+--------+--------+-----+--------+

Top non-repeatable levels by time:
     D:1: 140 daAuts
     D:3: 93 daAuts
     D:2: 26 daAuts
     D:4: 23 daAuts
